 Dungeon Crawl Stone Soup version 0.26-a0-490-gf8362a0c98 (webtiles) character file.

Game seed: 6391625135714718538

28 KristoblXynda the Ducker (level 3, 0/27 HPs)
             Began as a Vampire Gladiator on Aug 4, 2020.
             Succumbed to a goblin's poison
             ... on level 1 of the Dungeon.
             The game lasted 00:01:12 (516 turns).

KristoblXynda the Ducker (Vampire Gladiator)         Turns: 516, Time: 00:01:12

Health: 0/27       AC:  4    Str: 13 (14) XL:     3   Next: 0%
Magic:  3/3        EV: 13    Int:  7 (10) God:
Gold:   47         SH:  0    Dex: 13 (15) Spells: 2/2 levels left

rFire    . . .     SeeInvis +   a - +0 long sword
rCold    . . .     Faith    .   (no shield)
rNeg     . . .     Spirit   .   b - +0 leather armour
rPois    .         Reflect  .   c - +0 helmet
rElec    .         Harm     .   (no cloak)
rCorr    .                      (no gloves)
MR       .....                  (no boots)
Stlth    +.........             (no amulet)
HPRegen  0.29/turn              (no ring)
MPRegen  0.08/turn              (no ring)

@: lethally poisoned (0 -> -2), regenerating quickly
A: fangs 3, see invisible, unbreathing
a: Exsanguinate


You were on level 1 of the Dungeon.
You visited 1 branch of the dungeon, and saw 1 of its levels.

You collected 47 gold pieces.

Inventory:

Hand Weapons
 a - a +0 long sword (weapon)
 f - a +2 dagger of venom
Missiles
 d - 3 throwing nets (quivered)
Armour
 b - a +0 leather armour (worn)
 c - a +0 helmet (worn)
Jewellery
 g - an uncursed ring of resist corrosion {unknown}
Scrolls
 e - a scroll of remove curse {unknown}
 h - a scroll of identify {unknown}


   Skills:
 + Level 2.1 Fighting
 + Level 3.3 Long Blades
 + Level 2.0 Throwing
 + Level 3.6 Dodging


You had 2 spell levels left.
You didn't know any spells.
Your spell library was empty.

Dungeon Overview and Level Annotations

Branches:
Dungeon (1/15)

Altars:


Innate Abilities, Weirdness & Mutations

Your natural rate of healing is unusually fast.
You have razor-sharp teeth.
You have supernaturally acute eyesight. (SInv)
You can survive without breathing.


Message History

You feel sick.
* * * LOW HITPOINT WARNING * * *
You feel sick.
Unknown command.
Keep bloodletting? [Y]es or [N]o only, please.
Keep bloodletting?
* * * LOW HITPOINT WARNING * * *
You feel sick.
You begin bloodletting.
You continue bloodletting.
* * * LOW HITPOINT WARNING * * *
You feel sick.
You continue bloodletting.
* * * LOW HITPOINT WARNING * * *
You feel sick.
You continue bloodletting. x2
* * * LOW HITPOINT WARNING * * *
You feel sick.
You continue bloodletting.
You die...

##≈≈≈≈≈P≈≈≈≈≈≈≈P≈P≈≈.........##.#
#..♣≈≈P≈≈≈≈≈≈P)†≈≈≈#########.# .#
####♣♣♣≈≈≈≈≈†≈≈≈P♣## #.# .#
♣#....♣♣≈≈≈≈PP≈≈P≈# #.# .#
♣###.#.##.≈≈≈P≈PPP# #.# .# ♣
#.#.##.#♣♣♣♣♣♣######## #.# .#
♣###.#.##.#.####.##...... ..# ..
≈#........#....#......... ...
≈####..#######..@)..# ≈#
#.....#...?###### ≈# #.###.#>####
♣# #>###.#.# ♣ #.......# ♣
#..###### #..# #..# #####..####


There were no monsters in sight!

Vanquished Creatures
  An ooze (D:1)
  A dart slug (D:1)
  A leopard gecko (D:1)
  4 bats (D:1)
  A giant cockroach (D:1)
  A goblin (D:1)
  4 hobgoblins (D:1)
  4 kobolds (D:1)
  3 rats (D:1)
20 creatures vanquished.

Notes
Turn   | Place    | Note
-------+----------+-------------------------------------------
     0 | D:1      | KristoblXynda the Vampire Gladiator began the quest for the
                  | Orb.
     0 | D:1      | Reached XP level 1. HP: 16/16 MP: 1/1
   145 | D:1      | Reached XP level 2. HP: 22/22 MP: 2/2
   501 | D:1      | Reached XP level 3. HP: 14/27 MP: 3/3
   513 | D:1      | HP: 1/27 [poisoned by a goblin]
   516 | D:1      | Succumbed to a goblin's poison

Illustrated notes

Levels and vault maps discovered:
D:1:      sevenhm_arrival_forest_fort_small_5, layout_loops_ring,
          serial_bayou_ford_a, grunt_decor_one_mirror, minmay_tromino_v2

Skill      XL: |  1  2 |
---------------+-------+-----
Fighting       | 2 |  2.1
Throwing       | 2 |  2.0
Long Blades    | |  3.3
Dodging        | |  3.6

Action                   || total
-------------------------++-------
Melee: Long sword        ||    69
       Bite              ||     7
 Abil: Exsanguinate      ||     1
  Use: Potion            ||     1
Armor: Leather armour    ||    31
Dodge: Dodged            ||    57
       Rpst.: Long sword ||    14

Table legend: (Time is in decaauts)
 A = Elapsed time spent in this place.
 B = Non-inter-level travel time spent in this place.
 C = Inter-level travel time spent in this place.
 D = Time resting spent in this place.
 E = Time spent auto-exploring this place.
 F = Levels seen in this place.
 G = Mean time per level.
                   A        B        C        D        E       F      G
               +--------+--------+--------+--------+--------+-----+--------+
         Total |    545 |    545 |      0 |      0 |    365 |   1 |  545.0 |
       Dungeon |    545 |    545 |      0 |      0 |    365 |   1 |  545.0 |
               +--------+--------+--------+--------+--------+-----+--------+

Top non-repeatable levels by time:
     D:1: 545 daAuts
